 Dungeon Crawl Stone Soup version 0.20.1-1-g8b1a95d (webtiles) character file.

84 MDKed the Shield-Bearer (level 4, -1/37 HPs)
             Began as a Formicid Fighter on July 28, 2017.
             Slain by an iguana (8 damage)
             ... on level 3 of the Dungeon.
             The game lasted 00:07:50 (1433 turns).

MDKed the Shield-Bearer (Formicid Fighter)          Turns: 1433, Time: 00:07:51

Health: -1/37      AC:  7    Str: 21    XL:     4   Next: 74%
Magic:  4/4        EV:  8    Int:  8    God:
Gold:   119        SH: 10    Dex: 10    Spells: 3/3 levels left

rFire    . . .     SeeInvis +   a - +1 trident
rCold    . . .     Gourm    .   c - +1 shield
rNeg     . . .     Faith    .   b - +0 scale mail
rPois    .         Spirit   .   (helmet unavailable)
rElec    .         Reflect  .   (no cloak)
rCorr    .         Harm     .   (no gloves)
MR       +....                  (no boots)
Stlth    ..........             m - amulet of regeneration
Regen    0.6/turn               i - ring of protection from magic
MPRegen  0.1/turn               j - ring of teleportation (curse)

@: no status effects
A: permanent stasis, dig shafts and tunnels, four strong arms, antennae 3
a: Dig, Shaft Self


You were on level 3 of the Dungeon.
You were not hungry.

You visited 1 branch of the dungeon, and saw 3 of its levels.

You collected 119 gold pieces.

Inventory:

Hand Weapons
 a - a +1 trident (weapon)
Armour
 b - a +0 scale mail (worn)
 c - a +1 shield (worn)
Jewellery
 i - a ring of protection from magic (left hand)
 j - a cursed ring of teleportation (right hand)
 m - an amulet of regeneration (around neck)
 o - an uncursed amulet of faith {unknown}
Scrolls
 k - a scroll of recharging
 n - a scroll of enchant armour
Potions
 d - a potion of might
 e - 3 potions of heal wounds
 l - a potion of agility {unknown}
Comestibles
 f - 4 bread rations
 g - 3 meat rations
 h - a royal jelly


   Skills:
 * Level 3.9 Fighting
 * Level 2.8 Polearms
 * Level 4.0 Armour
 + Level 0.3 Dodging
 * Level 4.3 Shields


You had 3 spell levels left.
You didn't know any spells.

Dungeon Overview and Level Annotations

Branches:
Dungeon (3/15)

Altars:


Innate Abilities, Weirdness & Mutations

You cannot be hasted, slowed, berserked, paralysed or teleported.
You can dig through walls and to a lower floor.
Your four strong arms can wield two-handed weapons with a shield.
You have a pair of large antennae on your head. (SInv)


Message History

The iguana is heavily wounded.
The iguana bites you!
You hit the iguana but do no damage.
The iguana is heavily wounded.
You block the iguana's attack.
You closely miss the iguana.
The iguana is heavily wounded.
The iguana bites you!
You are too injured to fight recklessly!
You are too injured to fight recklessly!
You are too injured to fight recklessly!
You are too injured to fight recklessly!
You hit the iguana.
The iguana is severely wounded.
The iguana bites you!
* * * LOW HITPOINT WARNING * * *
You hit the iguana.
The iguana is almost dead.
The iguana barely misses you. The iguana bites you!
You die...

### ... . #. ### ..$
##### ##.#. ..... <...
..# #.#. ###.. #.###
#.#.###...... ....##
####...%@l.# .......
........#### ###....
.#.###..#####.. ##...#
#.#.............
...#.###..####...#####.
####..###..# #.#.##
.####..###.###.#..# {
...............##.####
######...##....##....##


You could see an iguana.

Vanquished Creatures
  An adder (D:2)
  2 oozes (D:3)
  A worm (D:2)
  2 leopard geckos (D:1)
  6 bats
  2 giant cockroaches (D:1)
  5 goblins
  7 hobgoblins
  8 jackals
  3 kobolds
  A quokka (D:2)
  4 frilled lizards
  18 rats
60 creatures vanquished.

Notes
Turn   | Place    | Note
-------+----------+-------------------------------------------
     0 | D:1      | MDKed the Formicid Fighter began the quest for the Orb.
     0 | D:1      | Reached XP level 1. HP: 18/18 MP: 1/1
    94 | D:1      | Reached XP level 2. HP: 21/24 MP: 2/2
   141 | D:1      | Reached XP level 3. HP: 26/29 MP: 3/3
   958 | D:2      | Reached XP level 4. HP: 34/37 MP: 4/4
  1433 | D:3      | Slain by an iguana

Skill      XL: |  1  2  3  4 |
---------------+-------------+-----
Shields        | 4 |  4.3
Armour         | 4 |  4.0
Fighting       | |  3.9
Polearms       | |  2.8
Dodging        | |  0.3

Action                   |  1- 3 |  4- 6 || total
-------------------------+-------+-------++-------
Melee: Trident           |   123 |    54 ||   177
  Use: Scroll            |     4 |     1 ||     5
  Eat: Bread ration      |       |     1 ||     1
Armor: Scale mail        |    55 |    11 ||    66
Dodge: Dodged            |    30 |     7 ||    37
Block: Shield            |    72 |    16 ||    88
